 Dungeon Crawl Stone Soup version 0.14.2 (webtiles) character file.

280 tognito the Skirmisher (level 4, -5/41 HPs)
             Began as a Minotaur Berserker on May 6, 2015.
             Was a Priest of Trog.
             Killed from afar by an orc wizard (7 damage)
             ... with a magic dart
             ... on Level 4 of the Dungeon.
             The game lasted 00:13:07 (2199 turns).

tognito the Skirmisher (Minotaur Berserker)         Turns: 2199, Time: 00:13:07

HP  -5/41        AC 10     Str 22      XL: 4   Next: 90%
MP   2/2         EV 12     Int  4      God: Trog [***...]
Gold 150         SH  0     Dex 10      Spells:  0 memorised,  3 levels left

rFire  . . .     SeeInvis .     a - +0 hand axe
rCold  . . .     Clarity  .     n - +1 chain mail
rNeg   . . .     Conserve .     (no shield)
rPois  .         rCorr    .     (helmet restricted)
rElec  .         rRot     .     (no cloak)
SustAb . .       Spirit   .     (no gloves)
rMut   .         Warding  .     (no boots)
Saprov . . .     Stasis   .     (no amulet)
MR     .....                    l - +4 ring of evasion
                                r - +1 ring of evasion

@: confused, not resistant to hostile enchantments, extremely unstealthy
A: retaliatory headbutt, horns 2
a: Burn Spellbooks, Berserk, Trog's Hand, Renounce Religion


You were on level 4 of the Dungeon.
You worshipped Trog.
Trog was most pleased with you.
You were not hungry.

You visited 1 branch of the dungeon, and saw 4 of its levels.

You collected 150 gold pieces.

Inventory:

Hand weapons
 a - a +0,+0 hand axe (weapon)
 b - a +0,+0 sling
Missiles
 d - 20 stones
 g - 63 arrows
 k - 36 sling bullets
 m - 20 darts of frost (quivered)
Armour
 n - a +1 chain mail (worn)
Comestibles
 c - 4 bread rations
 h - 5 meat rations
 i - a slice of pizza
 o - a rambutan
 p - an apple
 q - 2 bananas
 s - a chunk of hobgoblin flesh
Scrolls
 e - 2 scrolls of identify
 f - 2 scrolls of fog
Jewellery
 l - a +4 ring of evasion (right hand)
 r - a +1 ring of evasion (left hand)
Potions
 j - 6 potions of curing


   Skills:
 * Level 4.7 Fighting
 + Level 4.6 Axes
 + Level 2.1 Slings
 + Level 3.4 Armour
 + Level 2.5 Dodging


You had 3 spell levels left.
You didn't know any spells.

Dungeon Overview and Level Annotations

Branches:
Dungeon (4/15)
 Temple: D:4-7

Altars:
Vehumet
Yredelemnul

Annotations:
D:4 Menkaure


Innate Abilities, Weirdness & Mutations

You reflexively headbutt those who attack you in melee.
You have a pair of horns on your head.


Message History

You hear some strange, mumbled words.
You are more confused.
Menkaure gestures at you while chanting.
Pain shoots through your body!
* * * LOW HITPOINT WARNING * * *
The worm bites you.
* * * LOW HITPOINT WARNING * * *
The rat barely misses you.
You're too confused!
You're too confused!
Your chain mail prevents you from hitting Menkaure.
Menkaure is lightly damaged.
Menkaure gestures at you while chanting.
You barely resist.
You hear some strange, mumbled words.
The magic dart hits you! The rat bites you but does no damage.
Menkaure hits you but does no damage.
You hear some strange, mumbled words.
The magic dart hits you!
You die...

#.......#
.(.........
......>......
......((.....).
.......(........
................
......<.)........
........r.........
#####$..M@..#####
#...w...#
#.......#
#.......#
#.......#
#.......#
#.......#
#...$...# ....


You could see a worm, Menkaure and a rat.

Vanquished Creatures
  An orc wizard (D:4)
  4 adders
  A giant mite (D:2)
  A worm (D:3)
  A giant gecko (D:2)
  An ooze (D:2)
  3 orcs
  A giant cockroach (D:1)
  7 hobgoblins
  7 jackals (D:2)
  2 ball pythons
  5 bats
  5 giant newts
  6 goblins
  7 kobolds
  10 rats
  A spectral orc (D:2)
63 creatures vanquished.

Notes
Turn   | Place    | Note
--------------------------------------------------------------
     0 | D:1      | tognito, the Minotaur Berserker, began the quest for the Orb.
     0 | D:1      | Reached XP level 1. HP: 19/19 MP: 1/1
   239 | D:1      | Reached skill level 4 in Axes
   297 | D:1      | Reached XP level 2. HP: 27/27 MP: 1/1
   587 | D:2      | Found a radiant altar of Vehumet.
   725 | D:2      | Acquired Trog's second power
   734 | D:2      | Found a basalt altar of Yredelemnul.
   767 | D:2      | Reached XP level 3. HP: 25/33 MP: 2/2
  1222 | D:2      | Reached XP level 4. HP: 41/41 MP: 2/2
  1632 | D:3      | Reached skill level 1 in Slings
  2186 | D:4      | Noticed Menkaure
  2198 | D:4      | HP: 2/41 [worm (2)]
  2199 | D:4      | Killed from afar by an orc wizard

Action                   |  1- 3 |  4- 6 || total
-------------------------+-------+-------++-------
Melee: Hand axe          |    60 |    22 ||    82
 Fire: Sling             |    34 |    49 ||    83
  Use: Potion            |     2 |     3 ||     5
       Scroll            |     4 |     1 ||     5
